 Dungeon Crawl Stone Soup version 0.31-a0-189-ga26ba32dd1 (webtiles) character file.

Game seed: 15631672391014284748

1769 qw the Markself (level 8, -3/46 HPs)
             Began as a Deep Elf Hunter on June 23, 2023.
             Was a Follower of Okawaru.
             Slain by Edmund
             ... wielding a +3 flail of protection
              (10 damage)
             ... on level 6 of the Dungeon.
             The game lasted 00:02:03 (4660 turns).

qw the Markself (Deep Elf Hunter)                   Turns: 4660, Time: 00:02:04

Health: -3/46      AC:  9    Str: 10    XL:     8   Next: 80%
Magic:  9/11       EV: 18    Int: 15    God:    Okawaru [*.....]
Gold:   259        SH:  0    Dex: 18    Spells: 7/7 levels left

rFire   . . .        Y - +0 shortbow
rCold   . . .        (shield currently unavailable)
rNeg    . . .        a - +0 leather armour {rPois}
rPois   +            (no helmet)
rElec   .            (no cloak)
rCorr   .            (no gloves)
SInv    +            e - +1 pair of boots
Will    .....        (no amulet)
Stlth   +++          f - +4 ring of protection
HPRegen 0.27/turn    m - ring of see invisible
MPRegen 0.12/turn

%: no passive effects
@: about to teleport, heroic
A: no striking features
a: Renounce Religion, Heroism


You were on level 6 of the Dungeon.
You worshipped Okawaru.
Okawaru was aware of your devotion.
You visited 1 branch of the dungeon, and saw 6 of its levels.

You collected 259 gold pieces.


   Skills:
 - Level 3.0(8.0) Fighting
 - Level 18.0(23.0) Ranged Weapons
 + Level 5.8(10.8) Dodging
 - Level 1.2(6.2) Stealth
 + Level 1.8 Invocations


You had 7 spell levels left.
You didn't know any spells.
Your spell library was empty.

Inventory:

Hand Weapons
 Y - a +0 shortbow (weapon)
Armour
 a - a +0 leather armour of poison resistance (worn)
 e - a +1 pair of boots (worn)
 g - +0 swamp dragon scales
 p - a +0 ring mail of positive energy
Jewellery
 f - a +4 ring of protection (left hand)
 m - a ring of see invisible (right hand)
Scrolls
 h - 2 scrolls of identify
Potions
 b - a potion of magic
 d - a potion of heal wounds
 j - a potion of mutation
 l - a potion of haste

Dungeon Overview and Level Annotations

Branches:
Dungeon (6/15)             Temple (0/1) D:5

Altars:
Dithmenos
Elyvilon
Okawaru
Wu Jian
Xom

Shops:
D:3 :

Annotations:
D:2 1 runed translucent door, Crazy Yiuf
D:3 1 runed translucent door, qw's ghost, amateur DEHu
D:6 Edmund


Message History

You shoot an arrow.
The arrow hits Edmund but does no damage.
Edmund is heavily wounded.
You feel like a meek peon again.
Edmund hits you with a +3 flail of protection.
4651 ||| INVOKING Heroism.
You gain the combat prowess of a mighty hero.
Edmund says, "People accused me of being a cutpurse!"
Edmund hits you with a +3 flail of protection.
You shoot an arrow. The arrow barely misses Edmund.
Edmund closely misses you.
You shoot an arrow. The arrow hits Edmund.
Edmund is heavily wounded.
You shoot an arrow.
The arrow hits Edmund but does no damage.
Edmund is heavily wounded.
Edmund closely misses you.
You shoot an arrow. The arrow hits Edmund.
Edmund is severely wounded.
You hear a shout!
Edmund completely misses you.
A kobold brigand comes into view.
It is wielding a +0 dagger and quivering poisoned darts.
You shoot an arrow. The arrow hits Edmund.
Edmund is severely wounded.
Edmund misses you.
You shoot an arrow. The arrow hits Edmund.
Edmund is almost dead.
You shoot an arrow.
The arrow hits Edmund but does no damage.
Edmund is almost dead.
Edmund hits you with a +3 flail of protection.
You shoot an arrow.
The arrow hits Edmund but does no damage.
Edmund is almost dead.
Edmund hits you with a +3 flail of protection!
4660 ||| READING scroll of teleportation.
As you read the scroll of teleportation, it crumbles to dust.
You feel strangely unstable.
Edmund hits you with a +3 flail of protection!
You die...

~~~~~~~~~
....... ..>...
..#.#
.###.#%#.#
..%..#.#.#
#..#.K.#
#..@@.# #...#.#
#%....# #.#...#
#.#...# #...# #
#.#...# #...#
#.#.### #...#
#.#># #...#
#.#########...#


You could see Edmund and a kobold brigand.

Vanquished Creatures
  Maggie (D:6)
  Grinder (D:6)
  An ice beast (D:5)
  An ogre (D:5)
  A kobold brigand (D:5)
  3 scorpions
  2 howler monkeys (D:6)
  A jelly (D:5)
  An orc priest (D:5)
  4 hounds
  An iguana (D:4)
  2 orc wizards
  6 adders
  2 gnolls
  4 worms
  4 dart slugs
  6 orcs
  8 endoplasms
  5 giant cockroaches
  7 goblins
  12 hobgoblins
  8 jackals
  4 quokkas
  8 ball pythons
  6 bats
  A frilled lizard (D:1)
  12 kobolds
  7 rats
119 creatures vanquished.

Notes
Turn   | Place    | Note
-------+----------+-------------------------------------------
     0 | D:1      | qw the Deep Elf Hunter began the quest for the Orb.
     0 | D:1      | Reached XP level 1. HP: 12/12 MP: 3/3
     0 | D:1      | 0 ||| qw: Version: 0.3-a-9-g12657ce
     0 | D:1      | 0 ||| qw: Game counter: 4427
     0 | D:1      | 0 ||| qw: Always use a shield: true
     0 | D:1      | 0 ||| qw: God list: Okawaru
     0 | D:1      | 0 ||| qw: Allow faded altars: false
     0 | D:1      | 0 ||| qw: Do Orc after D:15 true
     0 | D:1      | 0 ||| qw: Do second Lair branch before Depths: true
     0 | D:1      | 0 ||| qw: Lair rune preference: random
     0 | D:1      | 0 ||| qw: Plans: Normal
     0 | D:1      | 0 ||| PLANNING D:1-11
    45 | D:1      | 45 ||| DROPPING scroll of butterflies.
   109 | D:1      | Reached XP level 2. HP: 16/16 MP: 4/4
   117 | D:1      | Reached skill level 6 in Ranged Weapons
   439 | D:1      | Reached XP level 3. HP: 20/20 MP: 5/5
   960 | D:1      | 960 ||| UPGRADING to +4 ring of protection.
   961 | D:1      | 961 ||| READING scroll labelled ITWYET OGUTH.
   962 | D:1      | 962 ||| READING scroll labelled QANYSSIPSEB.
   963 | D:1      | 963 ||| READING scroll labelled ANUUPT GOAF.
  1053 | D:2      | Reached skill level 7 in Ranged Weapons
  1152 | D:2      | Found a faded altar of an unknown god.
  1210 | D:2      | Found a runed translucent door.
  1211 | D:2      | Noticed Crazy Yiuf
  1406 | D:2      | Reached XP level 4. HP: 25/25 MP: 6/6
  1767 | D:2      | 1767 ||| READING scroll labelled NUL TITODIKHAN.
  1768 | D:2      | 1768 ||| READING scroll labelled OHICEW EREYTH.
  1769 | D:2      | 1769 ||| READING scroll labelled XUANIPRUDGH.
  1847 | D:2      | 1847 ||| DRINKING 3 metallic ruby potions.
  1848 | D:2      | 1848 ||| DRINKING 2 fuming green potions.
  1849 | D:2      | 1849 ||| READING 4 scrolls of identify.
  1849 | D:2      | 1849 ||| IDENTIFYING murky inky potion
  1850 | D:2      | 1850 ||| READING 3 scrolls of identify.
  1850 | D:2      | 1850 ||| IDENTIFYING viscous brown potion
  1851 | D:2      | 1851 ||| DROPPING potion of attraction.
  1852 | D:2      | 1852 ||| DROPPING potion of brilliance.
  1883 | D:3      | Found Iqeipugac's Book Boutique.
  1894 | D:3      | 1894 ||| STAIRDANCE
  1904 | D:2      | 1904 ||| DRINKING 2 potions of curing.
  1904 | D:2      | 1904 ||| (to cure confusion)
  1918 | D:2      | Reached skill level 8 in Ranged Weapons
  2151 | D:3      | Found a runed translucent door.
  2151 | D:3      | Noticed qw's ghost (amateur DEHu)
  2410 | D:3      | Reached XP level 5. HP: 29/29 MP: 7/7
  2611 | D:3      | Reached skill level 9 in Ranged Weapons
  2911 | D:3      | 2911 ||| UPGRADING to +0 leather armour of poison
                  | resistance.
  2921 | D:3      | 2921 ||| DROPPING +0 leather armour.
  2922 | D:3      | 2922 ||| UPGRADING to amulet of guardian spirit.
  2927 | D:3      | 2927 ||| UPGRADING to ring of see invisible.
  2928 | D:3      | 2928 ||| READING scroll labelled KINGAWEYRUS.
  3029 | D:3      | 3029 ||| READING scroll labelled XEXIDUTEFONT.
  3030 | D:3      | 3030 ||| READING 3 scrolls of identify.
  3030 | D:3      | 3030 ||| IDENTIFYING fuming purple potion
  3031 | D:3      | 3031 ||| READING 2 scrolls of identify.
  3031 | D:3      | 3031 ||| IDENTIFYING amethyst potion
  3108 | D:4      | Reached skill level 3 in Dodging
  3132 | D:4      | Found a shimmering altar of Xom.
  3224 | D:4      | Reached XP level 6. HP: 30/36 MP: 8/8
  3562 | D:4      | 3562 ||| DROPPING +0 ring mail.
  3563 | D:4      | 3563 ||| READING 2 scrolls labelled IKOORI MOARO.
  3564 | D:4      | 3564 ||| READING 4 scrolls of identify.
  3564 | D:4      | 3564 ||| IDENTIFYING dark potion
  3565 | D:4      | 3565 ||| READING 3 scrolls of identify.
  3565 | D:4      | 3565 ||| IDENTIFYING black potion
  3566 | D:4      | 3566 ||| READING 2 scrolls of identify.
  3566 | D:4      | 3566 ||| IDENTIFYING fizzy purple potion
  3567 | D:4      | 3567 ||| DRINKING potion of experience.
  3567 | D:4      | Reached skill level 18 in Ranged Weapons
  3567 | D:4      | Reached XP level 7. HP: 40/40 MP: 9/9
  3568 | D:4      | 3568 ||| DROPPING potion of degeneration.
  3569 | D:4      | 3569 ||| DROPPING scroll of fog.
  3570 | D:4      | 3570 ||| DROPPING potion of ambrosia.
  3590 | D:5      | Entered Level 5 of the Dungeon
  3663 | D:5      | 3663 ||| Stepping ~*~*~tactically~*~*~ (outnumbered).
  3665 | D:5      | 3665 ||| Stepping ~*~*~tactically~*~*~ (outnumbered).
  3669 | D:5      | 3669 ||| Stepping ~*~*~tactically~*~*~ (outnumbered).
  3672 | D:5      | 3672 ||| DRINKING potion of curing.
  3672 | D:5      | 3672 ||| (to cure confusion)
  3687 | D:5      | 3687 ||| Stepping ~*~*~tactically~*~*~ (outnumbered).
  3847 | D:5      | Found an iron altar of Okawaru.
  3848 | D:5      | 3848 ||| PLANNING OKAWARU WORSHIP
  3848 | D:5      | 3848 ||| UPGRADING to +1 pair of boots.
  3859 | D:5      | Became a worshipper of Warmaster Okawaru
  3860 | D:5      | 3860 ||| PLANNING D:1-11
  3860 | D:5      | 3860 ||| REMOVING amulet of guardian spirit.
  3920 | D:5      | Reached skill level 3 in Fighting
  3920 | D:5      | Reached XP level 8. HP: 20/46 MP: 10/10
  4028 | D:5      | Found a shadowy altar of Dithmenos.
  4139 | D:5      | Found an ornate altar of the Wu Jian Council.
  4210 | D:5      | Found a white marble altar of Elyvilon.
  4320 | D:5      | Found a staircase to the Ecumenical Temple.
  4373 | D:5      | 4373 ||| DROPPING amulet of guardian spirit.
  4374 | D:5      | 4374 ||| READING 3 scrolls of identify.
  4374 | D:5      | 4374 ||| IDENTIFYING emerald potion
  4407 | D:6      | Noticed Maggie
  4429 | D:6      | Killed Maggie
  4429 | D:6      | Reached * piety under Okawaru
  4554 | D:6      | Noticed Grinder
  4558 | D:6      | 4558 ||| INVOKING Heroism.
  4566 | D:6      | Killed Grinder
  4567 | D:6      | Reached skill level 1 in Invocations
  4631 | D:6      | Noticed Edmund
  4632 | D:6      | 4632 ||| INVOKING Heroism.
  4651 | D:6      | 4651 ||| INVOKING Heroism.
  4659 | D:6      | HP: 6/46 [Edmund/+3 flail of protection (8)]
  4660 | D:6      | 4660 ||| READING scroll of teleportation.
  4660 | D:6      | Slain by Edmund

Levels and vault maps discovered:
D:1:      amcnicky_arrival_choice, layout_basic, minivault_24,
          nicolae_eternal_life, nicolae_the_louvre
D:2:      layout_loops_cross, basic_ecumenical_altar, hex_medium,
          minmay_fractal_squares_5, uniq_crazy_yiuf_cottage
D:3:      layout_basic, serial_shops, nicolae_shop_tiny_statue_garden,
          gammafunk_ghost_grave, dk_vineyard_2, cheibrodos_gnoll_hut
D:4:      layout_rooms, pf_just_have_faith
D:5:      layout_basic, mainiacjoe_overflow_24_doors, okawaru_trees_2,
          old_standard_altar, mainiacjoe_overflow_surrounded_room
D:6:      lemuel_castle_with_subvaults [lemuel_castle_interior_carwin_1],
          layout_basic, uniq_edmund, uniq_maggie, uniq_blork_the_orc,
          uniq_grinder

Skill      XL: |  1  2  3  4  5  6  7  8 |
---------------+-------------------------+-----
Ranged Weapons | 6 7 8 9 18 | 18.0
Dodging        | 3 4 5 |  5.8
Fighting       | 2 3 |  3.0
Invocations    | 1 |  1.8
Stealth        | |  1.2

Action                     |  1- 3 |  4- 6 |  7- 9 || total
---------------------------+-------+-------+-------++-------
   Fire: Shortbow          |   136 |   171 |   157 ||   464
 Invoke: Heroism           |       |       |     3 ||     3
    Use: Scroll            |     3 |    13 |     2 ||    18
         Potion            |       |     4 |     1 ||     5
 Armour: Leather armour    |    21 |    24 |    23 ||    68
  Dodge: Dodged            |    38 |    48 |    38 ||   124

Table legend:
 A = Non-vault XP
 B = Vault XP
 C = Vault XP percentage of total XP
 D = Non-vault monster count
 E = Vault monster count
 F = Vault count percentage of total count
                 A         B        C        D         E       F
            +---------+---------+-------+---------+---------+-------
      Total |    1039 |    1025 |  49.7 |     101 |      18 |  15.1
            +---------+---------+-------+---------+---------+-------
        D:1 |      54 |       0 |   0.0 |      29 |       0 |   0.0
        D:2 |      80 |      23 |  22.3 |      20 |       7 |  25.9
        D:3 |      68 |     101 |  59.8 |      23 |       3 |  11.5
        D:4 |     170 |       0 |   0.0 |      13 |       0 |   0.0
        D:5 |     654 |       0 |   0.0 |      15 |       0 |   0.0
        D:6 |      13 |     901 |  98.6 |       1 |       8 |  88.9
            +---------+---------+-------+---------+---------+-------
